 Dungeon Sprint DCSS version 0.22.1-1-ga44c0e56f4 (webtiles) character file.

6783 MuseOD the Unseen (level 10, -5/57 HPs)
             Began as a Spriggan Enchanter on Oct 3, 2018.
             Was an Elder of Dithmenos.
             Shot with a bolt by a yaktaur captain (27 damage)
             ... in the Dungeon (Sprint III: "The Ten Rune Challenge").
             The game lasted 00:06:50 (2390 turns).

MuseOD the Unseen (Spriggan Enchanter)              Turns: 2390, Time: 00:06:51

Health: -5/57      AC:  3    Str:  4    XL:     10   Next: 76%
Magic:  20/26      EV: 18    Int: 20    God:    Dithmenos [****..]
Gold:   147        SH:  0    Dex: 17    Spells: 14/31 levels left

rFire    + . .     SeeInvis +   i - +1 dagger (venom)
rCold    . . .     Gourm    .   (shield restricted)
rNeg     . . .     Faith    .   b - +0 robe
rPois    +         Spirit   .   (helmet restricted)
rElec    .         Reflect  .   c - +0 cloak
rCorr    .         Harm     .   (gloves unavailable)
MR       +....     NoTele   +   (boots unavailable)
Stlth    +++++++++.             (no amulet)
HPRegen  0.19/turn              (no ring)
MPRegen  0.20/turn              (no ring)

@: wreathed by umbra, very quick
A: very small, unfitting armour, antennae 1, claws 1, see invisible, fire
resistance 1, herbivore, speed 3, poison resistance, slow metabolism 2,
evolution 1
a: Shadow Step, Renounce Religion


You were in the Dungeon.
You worshipped Dithmenos.
Dithmenos was greatly pleased with you.
You were not hungry.

You visited 1 branch You collected 147 gold pieces.

Inventory:

Hand Weapons
 a - a +1 dagger
 i - a +1 dagger of venom (weapon)
Armour
 b - a +0 robe (worn)
 c - a +0 cloak (worn)
 s - a +3 troll leather armour {Snorg}
Scrolls
 j - a scroll of blinking
 k - 2 scrolls of torment {unknown}
 l - 3 scrolls of identify {unknown}
 n - a scroll of remove curse {unknown}
Potions
 e - 2 potions of curing
 f - 2 potions of heal wounds
 g - a potion of haste
 h - 2 potions of magic
 m - a potion of brilliance {unknown}
 o - 2 potions of flight {unknown}
 p - 2 potions of mutation
 q - a potion of might
 r - a potion of berserk rage
Comestibles
 d - 4 rations


   Skills:
 + Level 8.9 Fighting
 * Level 15.5 Short Blades
 - Level 3.0 Dodging
 + Level 15.8 Stealth
 + Level 11.3 Spellcasting
 + Level 7.0 Conjurations
 + Level 11.4 Hexes


You had 14 spell levels left.
You knew the following spells:

 Your Spells              Type           Power        Failure   Level  Hunger
a - Corona                Hex            ######.      1%          1    None
b - Ensorcelled Hibernat  Hex/Ice        ####..       1%          2    None
c - Confuse               Hex            ######..     1%          3    None
d - Dazzling Spray        Conj/Hex       #####.       1%          3    None
e - Tukima's Dance        Hex            ######..     1%          3    None
f - Mephitic Cloud        Conj/Pois/Air  ###.....     7%          3    None
g - Blink                 Tloc           N/A          9%          2    None

Your spell library contained the following spells:

 Spells                   Type           Power        Failure   Level  Hunger
 Magic Dart               Conj           ####         1%          1    None
 Slow                     Hex            ######..     1%          2    None
 Conjure Flame            Conj/Fire      ####....     4%          3    None
 Call Imp                 Summ           ##......     9%          2    None


Dungeon Overview and Level Annotations

Branches:
Dungeon (1/1)

Altars:
Dithmenos
Elyvilon
Kikubaaqudgha
Okawaru
Ru
Sif Muna
Trog
Uskayaw
Vehumet
Wu Jian
Yredelemnul
Zin
The Shining One
Beogh

Shops:
D *!%=(}:[!=!?

Annotations:
D exclusion: obsidian statue


Innate Abilities, Weirdness & Mutations

You are very small and have problems with some larger weapons.
You are too small for most types of armour.
You have supernaturally acute eyesight. (SInv)
You are a herbivore.
You cover ground extremely quickly.
You need to consume almost no food.
You have a pair of small antennae on your head.
You have sharp fingernails.
Your flesh is heat resistant. (rF+)
Your system is resistant to poisons. (rPois)
You evolve.


Message History

Magic restored.
You see here 6 bolts.
Casting: Mephitic Cloud (safe; 7% risk of failure)
Confirm with . or Enter, or press ? or * to list all spells.
Aiming: Confuse (safe; 1% risk of failure)
Press: ? - help, Shift-Dir - straight line, f/p - yaktaur captain
Aim: a yaktaur captain, wielding an arbalest (umbra, chance to defeat MR: 40%)
The yaktaur captain resists with some effort.
The yaktaur captain shoots a bolt.
The bolt hits you!!
Ouch! That really hurt!
You emit a cloud of dark smoke.
The yaktaur captain shoots a bolt.
The bolt barely misses you.
Casting: Confuse (safe; 1% risk of failure)
Confirm with . or Enter, or press ? or * to list all spells.
Aiming: Confuse (safe; 1% risk of failure)
Press: ? - help, Shift-Dir - straight line, f/p - yaktaur captain
Aim: a yaktaur captain, wielding an arbalest (umbra, chance to defeat MR: 40%)
The yaktaur captain appears confused.
The yaktaur captain shoots a bolt.
The bolt hits you!!
You die...

≈§§#.#.#...##.#.#.##{
§§§#.#.#)..#.#.#.#.#{
§§§#...#)).##.#.#.##{
▓▓▓▓▓▓▓▓▓▓▓#.#.#(#.#{
{ ##)#.#.## +.#(#.#.#
##.#.#.## ##)########
#.(§§@§≈≈§#
#..§#§§≈≈≈#
#...#.#≈≈≈#
#####.#c≈≈≈# #.PPP.#
#≈§§§ #.)P.P#{ c§§§
{#..)PP# #≈§ {#..))P#
c§ #'#####


You could see 2 yaktaur captains.

Vanquished Creatures
  Frances (D)
  Donald (D)
  Snorg (D)
  A centaur warrior (D)
  An unseen horror (D)
  A deep elf mage (D)
  3 orc high priests (D)
  A shadow (D)
  A necrophage (D)
  2 centaurs (D)
  An earth elemental (D)
  Crazy Yiuf (D)
  A jelly (D)
  An orc priest (D)
  A wizard (D)
  A necromancer (D)
  A kobold demonologist (D)
  3 humans (D)
  4 rats (D)
  A plant (D)
28 creatures vanquished.

Vanquished Creatures (others)
  2 draconian scorchers (D)
  Nessos (D)
  An ice dragon (D)
  6 hellions (D)
  2 yaktaurs (D)
  3 plants (D)
15 creatures vanquished.

Grand Total: 43 creatures vanquished

Notes
Turn   | Place    | Note
-------+----------+-------------------------------------------
     0 | D        | MuseOD the Spriggan Enchanter began the quest for the Orb.
     0 | D        | Reached XP level 1. HP: 9/9 MP: 5/5
    42 | D        | Reached skill level 1 in Fighting
    42 | D        | Reached XP level 2. HP: 3/15 MP: 6/6
    46 | D        | Learned a level 2 spell: Ensorcelled Hibernation
    93 | D        | Killed a hellion
   106 | D        | Killed a hellion
   107 | D        | Killed a hellion
   112 | D        | Killed a hellion
   124 | D        | Killed a hellion
   131 | D        | Killed a yaktaur
   159 | D        | Killed a yaktaur
   263 | D        | Killed a hellion
   282 | D        | Killed a white draconian scorcher
   284 | D        | Killed a white draconian scorcher
   329 | D        | Noticed Crazy Yiuf
   364 | D        | Killed Crazy Yiuf
   364 | D        | Reached skill level 5 in Short Blades
   364 | D        | Reached XP level 3. HP: 19/19 MP: 5/8
   417 | D        | Gained mutation: You expend magic power (3 MP) to
                  | strengthen your wands. [potion of mutation]
   417 | D        | Gained mutation: Your magical capacity is low. (-10% MP)
                  | [potion of mutation]
   417 | D        | Gained mutation: You have a pair of small antennae on your
                  | head. [potion of mutation]
   418 | D        | Lost mutation: Your magical capacity is low. (-10% MP)
                  | [potion of mutation]
   418 | D        | Lost mutation: You expend magic power (3 MP) to strengthen
                  | your wands. [potion of mutation]
   418 | D        | Gained mutation: You have sharp fingernails. [potion of
                  | mutation]
   418 | D        | Gained mutation: Your system is resistant to poisons.
                  | (rPois) [potion of mutation]
   418 | D        | Gained mutation: You evolve. [potion of mutation]
   431 | D        | Noticed a water elemental
   594 | D        | Gained mutation: Your flesh is heat resistant. (rF+)
                  | [evolution]
   711 | D        | Found a basalt altar of Yredelemnul.
   711 | D        | Found a shadowy altar of Dithmenos.
   711 | D        | Found a sacrificial altar of Ru.
   711 | D        | Noticed a necrophage
   711 | D        | Noticed a necromancer
   720 | D        | Killed a necrophage
   720 | D        | Reached XP level 4. HP: 25/25 MP: 9/9
   720 | D        | Reached XP level 5. HP: 29/29 MP: 10/10
   728 | D        | Became a worshipper of Dithmenos the Shadowed
   733 | D        | Learned a level 3 spell: Confuse
   737 | D        | Learned a level 3 spell: Dazzling Spray
   806 | D        | Found a radiant altar of Vehumet.
   807 | D        | Found a deep blue altar of Sif Muna.
   807 | D        | Found an ancient bone altar of Kikubaaqudgha.
   810 | D        | Reached skill level 1 in Conjurations
   825 | D        | Found a glowing silver altar of Zin.
   825 | D        | Found a glowing golden altar of the Shining One.
   825 | D        | Found a white marble altar of Elyvilon.
   825 | D        | Noticed a deep elf mage
   828 | D        | Killed a deep elf mage
   828 | D        | Reached * piety under Dithmenos
   828 | D        | Reached skill level 5 in Fighting
   828 | D        | Reached skill level 10 in Short Blades
   828 | D        | Reached skill level 5 in Spellcasting
   828 | D        | Reached XP level 6. HP: 35/35 MP: 11/15
   828 | D        | Reached XP level 7. HP: 39/39 MP: 11/16
   864 | D        | Found a hide-covered altar of Uskayaw.
   864 | D        | Found a roughly hewn altar of Beogh.
   864 | D        | Found an iron altar of Okawaru.
   864 | D        | Found a bloodstained altar of Trog.
   864 | D        | Found an ornate altar of the Wu Jian Council.
   864 | D        | Noticed a human
   864 | D        | Noticed a human
   867 | D        | Killed a human
   870 | D        | Killed a human
   903 | D        | Noticed a shadow
   905 | D        | Killed a shadow
   905 | D        | Reached ** piety under Dithmenos
   905 | D        | Reached XP level 8. HP: 44/44 MP: 17/19
   926 | D        | Noticed Snorg
   942 | D        | Killed Snorg
  1092 | D        | Noticed a centaur warrior
  1094 | D        | Reached *** piety under Dithmenos
  1094 | D        | Reached XP level 9. HP: 50/50 MP: 22/22
  1096 | D        | Killed a centaur warrior
  1096 | D        | Reached skill level 5 in Conjurations
  1118 | D        | Learned a level 3 spell: Tukima's Dance
  1122 | D        | Learned a level 3 spell: Mephitic Cloud
  1125 | D        | Learned a level 2 spell: Blink
  1198 | D        | Noticed an unseen horror
  1206 | D        | Killed an unseen horror
  1384 | D        | Noticed Donald
  1384 | D        | Noticed Frances
  1805 | D        | Killed Frances
  1805 | D        | Reached **** piety under Dithmenos
  1805 | D        | Reached skill level 15 in Stealth
  1805 | D        | Reached skill level 10 in Spellcasting
  1805 | D        | Reached skill level 10 in Hexes
  1805 | D        | Reached XP level 10. HP: 56/56 MP: 15/25
  1810 | D        | Killed Donald
  1810 | D        | Reached skill level 15 in Short Blades
  2035 | D        | Found Azoraisy's Antique Armour Shop.
  2035 | D        | Found Ygonofonyw's Magic Scroll Shoppe.
  2035 | D        | Found Namet's Gadget Emporium.
  2035 | D        | Found Gufad's Jewellery Boutique.
  2035 | D        | Found Bucw's Book Emporium.
  2035 | D        | Found Efeun's Distillery.
  2035 | D        | Found Akhy's Antique Weapon Boutique.
  2035 | D        | Found Juannici's Food Shoppe.
  2035 | D        | Found Bociav's Jewellery Emporium.
  2035 | D        | Found Taibb's Distillery.
  2035 | D        | Found Botan's Distillery.
  2035 | D        | Found Seprug's Assorted Antiques.
  2084 | D        | Noticed an obsidian statue
  2095 | D        | Killed Nessos
  2159 | D        | Noticed a yaktaur captain
  2160 | D        | Noticed a yaktaur captain
  2183 | D        | Killed an ice dragon
  2390 | D        | Shot with a bolt by a yaktaur captain

Skill      XL: |  1  2  3  4  5  6  7  8  9 10 |
---------------+-------------------------------+-----
Short Blades   | 4 5 7 10 11 12 14 15 | 15.5
Fighting       | 1 2 3 5 6 7 8 |  8.9
Stealth        | 6 7 8 11 12 13 15 | 15.8
Spellcasting   | 5 6 8 10 11 | 11.3
Hexes          | 6 7 8 10 11 | 11.4
Conjurations   | 3 4 6 7 |  7.0
Dodging        | |  3.0

Action                   |  1- 3 |  4- 6 |  7- 9 | 10-12 || total
-------------------------+-------+-------+-------+-------++-------
Melee: Dagger            |    24 |     6 |    41 |    60 ||   131
 Cast: Ensorcelled Hiber |     2 |       |     1 |       ||     3
       Confuse           |       |       |     7 |     7 ||    14
       Dazzling Spray    |       |       |     4 |       ||     4
       Mephitic Cloud    |       |       |     3 |     1 ||     4
Invok: Shadow Step       |       |       |       |     1 ||     1
  Use: Potion            |     3 |       |       |       ||     3
 Stab: Sleeping          |     6 |     3 |     7 |     3 ||    19
       Confused          |       |       |     5 |     2 ||     7
       Invisible         |       |       |     1 |       ||     1
Dodge: Dodged            |    12 |       |    17 |     6 ||    35
